 Dungeon Crawl Stone Soup version 0.25.1-1-g288607f (webtiles) character file.

Game seed: 13369074082084827123

212 SGCS1 the Ruffian (level 5, -7/53 HPs)
             Began as a Troll Monk on July 27, 2020.
             Was a Believer of Wu Jian.
             Mangled by a gnoll
             ... wielding a +0 halberd
              (8 damage)
             ... on level 3 of the Dungeon.
             The game lasted 00:30:13 (2306 turns).

SGCS1 the Ruffian (Troll Monk)                      Turns: 2306, Time: 00:30:16

Health: -7/53      AC:  7    Str: 17 (20) XL:     5   Next: 58%
Magic:  4/4        EV: 10    Int:  3 (6)  God:    Wu Jian [**....]
Gold:   129        SH:  0    Dex:  9 (12) Spells: 4/4 levels left

rFire    . . .     SeeInvis +     - Unarmed
rCold    . . .     Gourm    +   (no shield)
rNeg     . . .     Faith    .   C - +1 robe
rPois    .         Spirit   .   (helmet restricted)
rElec    .         Reflect  .   (no cloak)
rCorr    .         Harm     .   (gloves unavailable)
MR       .....                  (boots unavailable)
Stlth    +++.......             (no amulet)
HPRegen  0.57/turn              i - ring of stealth
MPRegen  0.09/turn              A - ring of see invisible

@: stab, flying
A: large, unfitting armour, claws 3, fast metabolism 3, gourmand, regeneration
1, shaggy fur 1, tough skin 3
a: Wall Jump, Renounce Religion


You were on level 3 of the Dungeon.
You worshipped Wu Jian.
Wu Jian was pleased with you.
You were very full.

You visited 1 branch of the dungeon, and saw 3 of its levels.

You collected 129 gold pieces.

Inventory:

Hand Weapons
 f - a +0 hunting sling
 t - a +0 hunting sling
 X - a +0 quarterstaff
 Z - a +0 hunting sling
Missiles
 g - 25 sling bullets
 h - 4 silver boomerangs
 n - 4 atropa-tipped darts (quivered)
 q - 21 arrows
 r - 106 stones
 R - 8 javelins
Armour
 a - a +0 robe
 d - a +0 animal skin
 e - a +0 helmet
 v - a +0 robe
 C - a +1 robe (worn)
Jewellery
 i - a ring of stealth (left claw)
 o - a +6 ring of dexterity
 A - a ring of see invisible (right claw)
 J - an uncursed ring of poison resistance
Wands
 c - a wand of random effects (23)
Scrolls
 p - 5 scrolls of identify
 E - 5 scrolls of remove curse {unknown}
 P - a scroll of blinking {unknown}
 Q - 2 scrolls of teleportation {unknown}
Potions
 l - a potion of degeneration
Comestibles
 b - 5 rations
 u - a chunk of flesh


   Skills:
 + Level 3.1 Fighting
 + Level 3.0 Dodging
 + Level 1.6 Stealth
 + Level 4.9 Unarmed Combat


You had 4 spell levels left.
You didn't know any spells.
Your spell library contained the following spells:

 Spells                   Type           Power        Failure   Level  Hunger
 Magic Dart               Conj           #...         52%         1    ##.....
 Blink                    Tloc           N/A          67%         2    ###....
 Call Imp                 Summ           #.......     67%         2    ###....
 Slow                     Hex            #.......     67%         2    ###....
 Conjure Flame            Conj/Fire      #.......     88%         3    ####...
 Mephitic Cloud           Conj/Pois/Air  #.......     88%         3    ####...


Dungeon Overview and Level Annotations

Branches:
Dungeon (3/15)

Altars:
Wu Jian


Innate Abilities, Weirdness & Mutations

You are too large for most types of armour.
You have claws for hands.
Your metabolism is lightning-fast.
You like to eat raw meat.
Your natural rate of healing is unusually fast.
You are covered in fur. (AC +1)
You have extremely tough skin. (AC +3)


Message History

As you read the scroll labeled VAPHE OZISTY, it crumbles to dust.
It is a scroll of identify.
Okay, then.
The ball python closely misses you. The gnoll closely misses you.
The gnoll barely misses you.
The orc hits you from afar with a +3 trident.
* * * LOW HITPOINT WARNING * * *
Unknown command.
As you read the scroll labeled DIOROZ DUCIA, it crumbles to dust.
The scroll dissolves into smoke.
It was a scroll of fog.
The ball python bites you but does no damage.
The gnoll closely misses you. The ball python bites you.
* * * LOW HITPOINT WARNING * * *
You spin and attack the gnoll repeatedly.
You scratch the gnoll.
The gnoll is moderately wounded.
You closely miss the gnoll.
The gnoll is moderately wounded.
The gnoll hits you from afar with a +0 halberd!
You die...

##.....#.....##
###....##
########...##
##...####
###.####..###
##.##...##
##..÷..###
#...#### .#
#.#§## ..###
#..#§§## ...g.
#.###@§## ....#
.. ##gS##....#
..# ##go#....#
##. ##g..# ##
#..#..# #..# ##
...........#
g........###
.........#


You could see 2 gnolls and a ball python.

Vanquished Creatures
  Natasha (thrice) (D:2)
  Robin (D:2)
  4 adders
  An ooze (D:2)
  A worm (D:2)
  4 dart slugs
  2 leopard geckos
  4 ball pythons
  3 giant cockroaches
  17 goblins
  6 hobgoblins
  5 jackals
  10 kobolds
  4 bats
  3 frilled lizards (D:2)
  8 rats
76 creatures vanquished.

Notes
Turn   | Place    | Note
-------+----------+-------------------------------------------
     0 | D:1      | SGCS1 the Troll Monk began the quest for the Orb.
     0 | D:1      | Reached XP level 1. HP: 22/22 MP: 0/0
   181 | D:1      | Reached XP level 2. HP: 29/29 MP: 1/1
   870 | D:1      | Reached XP level 3. HP: 36/36 MP: 2/2
  1231 | D:2      | Noticed Natasha
  1255 | D:2      | Killed Natasha
  1255 | D:2      | Reached skill level 4 in Unarmed Combat
  1255 | D:2      | Reached XP level 4. HP: 30/45 MP: 3/3
  1546 | D:2      | Found an ornate altar of the Wu Jian Council.
  1554 | D:2      | Noticed Natasha
  1565 | D:2      | Killed Natasha
  1596 | D:2      | Became a worshipper of the Wu Jian Council
  1596 | D:2      | Reached * piety under Wu Jian
  1596 | D:2      | Reached ** piety under Wu Jian
  1634 | D:2      | Noticed Robin
  1638 | D:2      | Reached XP level 5. HP: 52/53 MP: 4/4
  1645 | D:2      | Killed Robin
  1956 | D:2      | Noticed Natasha
  1969 | D:2      | Killed Natasha
  2304 | D:3      | HP: 1/53 [orc/+3 trident (4)]
  2306 | D:3      | Mangled by a gnoll

Illustrated notes

Levels and vault maps discovered:
D:1:      heliophobic_arrival_battle_scene, layout_basic, minmay_tetromino_o2
D:2:      layout_basic, nicolae_overflow_crystal_walls, minmay_quantized,
          uniq_natasha, uniq_robin
D:3:      layout_rooms, nicolae_qazlal_general_emergency, uniq_ijyb

Skill      XL: |  1  2  3  4 |
---------------+-------------+-----
Fighting       | 3 |  3.1
Unarmed Combat | 4 |  4.9
Dodging        | 3 |  3.0
Stealth        | |  1.6

Action                   |  1- 3 |  4- 6 || total
-------------------------+-------+-------++-------
Melee: Unarmed           |    85 |   101 ||   186
       Punch             |     1 |     1 ||     2
Invok: Lunge             |       |     9 ||     9
       Whirlwind         |       |     4 ||     4
  Use: Scroll            |       |     4 ||     4
       Potion            |       |     4 ||     4
 Stab: Sleeping          |     5 |     6 ||    11
       Distracted        |       |     1 ||     1
  Eat: Chunk             |    17 |     9 ||    26
Armor: Robe              |    22 |    39 ||    61
Dodge: Dodged            |    37 |    89 ||   126
